 Dungeon Crawl Stone Soup version 0.32-a0-909-gc671339a80 (webtiles) character file.

Game seed: 17037735977968807277

2233 dialectric the Trooper (level 9, -2/48 HPs)
             Began as a Vine Stalker Fighter on Apr 7, 2024.
             Was a Believer of the Shining One.
             Slain by a killer bee (4 damage)
             ... on level 7 of the Dungeon.
             The game lasted 00:05:58 (5537 turns).

dialectric the Trooper (Vine Stalker Fighter)       Turns: 5537, Time: 00:05:58

Health: -2/48      AC:  7    Str: 24    XL:     9   Next: 36%
Magic:  0/10       EV: 11    Int:  8    God:    the Shining One [**....]
Gold:   402        SH:  0    Dex: 13    Spells: 8/8 levels left

rFire   . . .        d - +0 great mace
rCold   . . .        (shield currently unavailable)
rNeg    + . .        b - +0 scale mail
rPois   .            (no helmet)
rElec   .            (no cloak)
rCorr   .            (no gloves)
SInv    .            (no boots)
Will    +....        e - amulet of the acrobat Stlth
                     (no ring)
HPRegen 1.08/turn    (no ring)
MPRegen 0.12/turn

%: acrobat, guardian spirit
@: lethally poisoned (-2 -> -8), glowing
A: fangs 3, regeneration 1, magic shield, antimagic bite, no potion heal 2
a: Renounce Religion, Divine Shield


You were on level 7 of the Dungeon.
You worshipped the Shining One.
The Shining One was pleased with you.
You visited 1 branch of the dungeon, and saw 7 of its levels.

You collected 402 gold pieces.

Inventory:

Hand Weapons
 a - a +0 flail
 d - a +0 great mace (weapon)
Missiles
 l - 3 throwing nets (quivered)
 q - 5 poisoned darts
Armour
 b - a +0 scale mail (worn)
 c - a +0 buckler
Jewellery
 e - an amulet of the acrobat (around neck)
 v - a +5 ring of evasion
Scrolls
 g - 3 scrolls of teleportation
 m - 3 scrolls of revelation {unknown}
 p - a scroll of enchant weapon {unknown}
 s - 2 scrolls of vulnerability
 t - 2 scrolls of poison {unknown}
 w - 2 scrolls of identify
 y - a scroll of amnesia {unknown}
Potions
 f - a potion of degeneration {unknown}
 h - 4 potions of heal wounds
 i - 3 potions of curing {unknown}
 j - a potion of cancellation {unknown}
 k - 2 potions of invisibility
 n - a potion of enlightenment {unknown}
 o - 3 potions of attraction
 r - a potion of brilliance
 u - a potion of lignification {unknown}
 x - a potion of might


   Skills:
 + Level 6.2 Fighting
 + Level 5.7 Maces & Flails
 + Level 5.6 Armour
 + Level 4.9 Dodging
 - Level 2.6 Shields


You had 8 spell levels left.
You didn't know any spells.
Your spell library contained the following spells:

 Spells                   Type           Power      Damage    Failure   Level
 Shock                    Conj/Air       0%         1d3       69%         1
 Slow                     Hex            0%         N/A       69%         1
 Confusing Touch          Hex            0%         N/A       96%         3
 Swiftness                Air            0%         N/A       96%         3
 Vampiric Draining        Necr           0%         2d6       96%         3
 Airstrike                Air            0%         2d(0-16)  100%        4
 Passage of Golubria      Tloc           0%         N/A       100%        4
 Silence                  Hex/Air        0%         N/A       100%        5
 Lehudib's Crystal Spear  Conj/Erth      0%         10d2      100%        8


Dungeon Overview and Level Annotations

Branches:
Dungeon (7/15)             Temple (0/1) D:6

Altars:
Ashenzari
Cheibriados
Dithmenos
Makhleb
Uskayaw
Vehumet
The Shining One


Innate Abilities, Weirdness & Mutations

You have razor-sharp teeth.
Your natural rate of healing is unusually fast.
When hurt, damage is shared between your health and your magic reserves.
Your bite disrupts and absorbs the magic of your enemies.
Potions cannot restore your health.


Message History

You feel very sick. The killer bee stings you.
You are more poisoned.
The killer bee poisons you! The killer bee barely misses you.
The killer bee stings you.
* * * LOW HITPOINT WARNING * * *
Your divine halo glows too brightly for you to become invisible.
You thump the killer bee! Your bite misses the killer bee.
The killer bee is severely wounded.
You feel very sick. The killer bee closely misses you.
The killer bee stings you but does no damage.
The killer bee barely misses you.
You hit the killer bee. Your bite misses the killer bee.
The killer bee is almost dead.
You feel very sick. The killer bee barely misses you.
The killer bee stings you.
* * * LOW HITPOINT WARNING * * *
You barely miss the killer bee.
The killer bee is severely wounded.
You feel sick. The killer bee stings you.
* * * LOW HITPOINT WARNING * * *
You are more poisoned.
The killer bee poisons you! The killer bee closely misses you.
The killer bee stings you but does no damage.
Okay, then.
You miss the killer bee. Your bite misses the killer bee.
The killer bee is severely wounded.
You feel very sick. The killer bee closely misses you.
The killer bee stings you but does no damage. x2
You hit the killer bee.
The killer bee is almost dead.
You feel very sick.
The killer bee stings you but does no damage.
The killer bee stings you.
* * * LOW HITPOINT WARNING * * *
You are lethally poisoned!
The killer bee poisons you! The killer bee stings you.
You die...

##.##.###...##.. ##...###
#.......
######.....###..#..... .
#...#.......#...#.....
..##......._.............
.....###.......#.......##
#...###.....###......#
###....###...###.......#
......Wy@##.##..........
.......##...#....#......#
....... #.......##......#
...#... ##......##......#
## ###. #######..........
##.#.##.#####..........
###.......#..............
#........................
#.......<.............#.#


You could see a phantom and a killer bee.

Vanquished Creatures
  2 sky beasts
  2 black bears
  3 centaurs (D:6)
  3 ogres
  3 phantoms
  2 bullfrogs (D:6)
  3 scorpions
  3 killer bees (D:7)
  A howler monkey (D:6)
  5 hounds
  A bombardier beetle (D:3)
  3 jellies
  6 iguanas
  10 gnolls
  7 adders
  3 shadow imps
  A white imp (D:6)
  A ribbon worm (D:4)
  8 orcs
  6 endoplasms
  4 giant cockroaches
  9 goblins
  10 hobgoblins
  6 quokkas
  4 ball pythons
  3 bats
  6 kobolds
  4 rats
119 creatures vanquished.

Notes
Turn   | Place    | Note
-------+----------+-------------------------------------------
     0 | D:1      | dialectric the Vine Stalker Fighter began the quest for the
                  | Orb.
     0 | D:1      | Reached XP level 1. HP: 11/11 MP: 2/2
   243 | D:1      | Reached XP level 2. HP: 13/16 MP: 0/3
   579 | D:1      | Found a faded altar of an unknown god.
   740 | D:1      | Prayed at the altar of an unknown god.
   740 | D:1      | Became a worshipper of the Shining One
   740 | D:1      | Reached * piety under the Shining One
   844 | D:2      | Reached skill level 3 in Fighting
   968 | D:2      | Reached XP level 3. HP: 20/20 MP: 4/4
  1090 | D:2      | You fall into a shaft and drop 2 floors!
  1154 | D:3      | Reached skill level 1 in Dodging
  1268 | D:3      | Reached XP level 4. HP: 19/24 MP: 2/5
  1389 | D:3      | Found a broken altar of Ashenzari.
  2195 | D:4      | Reached XP level 5. HP: 18/28 MP: 2/6
  2243 | D:4      | Noticed a phantom
  2259 | D:3      | Killed a phantom
  2356 | D:4      | HP: 1/29 [iguana (7)]
  2359 | D:4      | Reached XP level 6. HP: 5/33 MP: 1/7
  2725 | D:4      | Reached skill level 4 in Fighting
  3276 | D:5      | Entered Level 5 of the Dungeon
  3283 | D:5      | Reached XP level 7. HP: 28/37 MP: 5/8
  3321 | D:5      | Reached ** piety under the Shining One
  3727 | D:5      | Gained mutation: You have razor-sharp teeth. [Vine Stalker
                  | growth]
  3727 | D:5      | Reached XP level 8. HP: 34/42 MP: 5/9
  4260 | D:6      | Reached skill level 5 in Fighting
  4366 | D:6      | Reached skill level 5 in Maces & Flails
  4368 | D:6      | Found a staircase to the Ecumenical Temple.
  4447 | D:6      | Reached skill level 5 in Armour
  4524 | D:6      | Reached XP level 9. HP: 47/48 MP: 10/10
  4863 | D:6      | Reached skill level 6 in Fighting
  4963 | D:6      | Found a burning altar of Makhleb.
  4971 | D:6      | Found a shadowy altar of Dithmenos.
  4973 | D:6      | Found a snail-covered altar of Cheibriados.
  4982 | D:6      | Found a glowing golden altar of the Shining One.
  4983 | D:6      | Found a hide-covered altar of Uskayaw.
  5504 | D:7      | Found a radiant altar of Vehumet.
  5537 | D:7      | HP: 2/48 [killer bee (3)]
  5537 | D:7      | Slain by a killer bee

Illustrated notes

Levels and vault maps discovered:
D:1:      heliophobic_arrival_battle_scene, layout_basic,
          dreamdust_ecumenical_altar_hidden_monk_grotto
D:2:      layout_basic
D:3:      layout_rooms, nicolae_ashenzari_panopticon
D:4:      layout_cave_pods
D:5:      layout_cave_pods
D:6:      layout_layer_cave, minitemple, temple_pool_b, nicolae_titane
D:7:      layout_cave_pools, lemuel_round_altar, columned_hall_lemuel,
          minmay_misc_feat_diagonals, minmay_misc_feat_enclosed,
          minmay_misc_feat_more_columns

Skill      XL: |  1  2  3  4  5  6  7  8  9 |
---------------+----------------------------+-----
Maces & Flails | 2 3 4 5 |  5.7
Fighting       | 3 4 5 6 |  6.2
Dodging        | 1 2 3 4 |  4.9
Armour         | 3 4 5 |  5.6
Shields        | |  2.6

Action                     |  1- 3 |  4- 6 |  7- 9 || total
---------------------------+-------+-------+-------++-------
  Melee: Flail             |    70 |   119 |   123 ||   312
         Bite              |    17 |    32 |    51 ||   100
         Great mace        |       |       |    21 ||    21
    Use: Scroll            |       |     1 |     5 ||     6
         Potion            |       |       |     1 ||     1
 Armour: Scale mail        |    45 |    98 |   137 ||   280
  Dodge: Dodged            |    54 |   101 |   129 ||   284

Table legend: (Time is in decaauts)
 A = Elapsed time spent in this place.
 B = Non-inter-level travel time spent in this place.
 C = Inter-level travel time spent in this place.
 D = Time resting spent in this place.
 E = Time spent auto-exploring this place.
 F = Levels seen in this place.
 G = Mean time per level.
                   A        B        C        D        E       F      G
               +--------+--------+--------+--------+--------+-----+--------+
         Total |   5621 |   5406 |    215 |     90 |   4231 |   7 |  803.0 |
       Dungeon |   5621 |   5406 |    215 |     90 |   4231 |   7 |  803.0 |
               +--------+--------+--------+--------+--------+-----+--------+

Top non-repeatable levels by time:
     D:4: 1060 daAuts
     D:5: 1006 daAuts
     D:6: 807 daAuts
     D:2: 794 daAuts
     D:1: 787 daAuts
     D:3: 688 daAuts
     D:7: 477 daAuts
